AoeStats
← tily

African Clearing

506658693Analyzed
2v2 RM · 18d ago on Sep 14, 2026· 38m 51s· 4 players
Game mode
Random Map
Map size
Medium (4 player)
Population
200
Speed
Normal
Resources
Standard
Victory
Conquest
Starting age
Dark Age
Ending age
Imperial Age
RankedLock teamsTeams togetherTeam positionsShared explorationLock speedFull tech treeHidden civsTurbo modeCheats
Victory
Defeat
🇹🇼 Spanish · Taiwan
858
+18
🇨🇭 Turks · Switzerland
853
+18
🇱🇰 Saracens · Sri Lanka
908
-18
🇨🇳 Persians · China
900
-18
猫咪先生
14:32 Feudal Age
14:42 Loom
14:56 Double-Bit Axe
21:01 Castle Age
20:30 Wheelbarrow
27:36 Horse Collar
28:59 Heavy Plow
36:04 Imperial Age
33:56 Hand Cart
35:31 Town Watch
36:13 Capped Ram
38:22 Heavy Camel Rider
Shadowsong
7:04 Loom
15:41 Feudal Age
16:20 Double-Bit Axe
20:29 Wheelbarrow
25:51 Castle Age
24:03 Fletching
28:26 Bow Saw
28:42 Elite Skirmisher
29:30 Stone Mining
29:31 Gold Mining
30:03 Pikeman
30:49 Squires
31:07 Town Watch
tily
13:56 Feudal Age
15:20 Double-Bit Axe
20:04 Castle Age
19:44 Stone Mining
23:50 Gold Mining
25:13 Loom
33:18 Horse Collar
37:31 Imperial Age
37:04 Bow Saw
verna7019
4:37 Loom
15:33 Feudal Age
16:49 Double-Bit Axe
16:57 Stone Mining
19:30 Castle Age
19:25 Gold Mining
22:07 Bow Saw
24:28 Horse Collar
30:30 Imperial Age
31:01 Ballistics
33:27 Chemistry
33:23 Conscription
36:16 Forging
36:09 Scale Mail Armor
35:31 Pikeman
36:12 Squires
Connection lost

Rejoining the realm…

Still unreachable

The connection could not be restored.

Session expired

The server has moved on; the page needs a fresh start.